%YAML 1.1
%TAG !u! tag:unity3d.com,2011:
--- !u!1 &8233582991633384184
GameObject:
  m_ObjectHideFlags: 0
  m_CorrespondingSourceObject: {fileID: 0}
  m_PrefabInstance: {fileID: 0}
  m_PrefabAsset: {fileID: 0}
  serializedVersion: 6
  m_Component:
  - component: {fileID: 8585850752198240550}
  m_Layer: 0
  m_Name: PrefabPack
  m_TagString: Untagged
  m_Icon: {fileID: 0}
  m_NavMeshLayer: 0
  m_StaticEditorFlags: 0
  m_IsActive: 1
--- !u!4 &8585850752198240550
Transform:
  m_ObjectHideFlags: 0
  m_CorrespondingSourceObject: {fileID: 0}
  m_PrefabInstance: {fileID: 0}
  m_PrefabAsset: {fileID: 0}
  m_GameObject: {fileID: 8233582991633384184}
  m_LocalRotation: {x: 0, y: 0, z: 0, w: 1}
  m_LocalPosition: {x: -1188.3394, y: 79.120224, z: 1197.0791}
  m_LocalScale: {x: 1, y: 1, z: 1}
  m_Children:
  - {fileID: 5751275831091475695}
  - {fileID: 5755209105826262507}
  - {fileID: 5755209104106914379}
  m_Father: {fileID: 0}
  m_RootOrder: 0
  m_LocalEulerAnglesHint: {x: 0, y: 0, z: 0}
--- !u!1001 &1800824862573527086
PrefabInstance:
  m_ObjectHideFlags: 0
  serializedVersion: 2
  m_Modification:
    m_TransformParent: {fileID: 8585850752198240550}
    m_Modifications:
    - target: {fileID: 6278946537153235628, guid: bb1001792d09a524daa6522f2c9c7a22,
        type: 3}
      propertyPath: m_LocalPosition.x
      value: 0.0000009536743
      objectReference: {fileID: 0}
    - target: {fileID: 6278946537153235628, guid: bb1001792d09a524daa6522f2c9c7a22,
        type: 3}
      propertyPath: m_LocalPosition.y
      value: 1.920002
      objectReference: {fileID: 0}
    - target: {fileID: 6278946537153235628, guid: bb1001792d09a524daa6522f2c9c7a22,
        type: 3}
      propertyPath: m_LocalPosition.z
      value: 2.5300226
      objectReference: {fileID: 0}
    - target: {fileID: 6278946537478920846, guid: bb1001792d09a524daa6522f2c9c7a22,
        type: 3}
      propertyPath: m_LocalPosition.x
      value: -14.019043
      objectReference: {fileID: 0}
    - target: {fileID: 6278946537478920846, guid: bb1001792d09a524daa6522f2c9c7a22,
        type: 3}
      propertyPath: m_LocalPosition.y
      value: 11.170074
      objectReference: {fileID: 0}
    - target: {fileID: 6278946537478920846, guid: bb1001792d09a524daa6522f2c9c7a22,
        type: 3}
      propertyPath: m_LocalPosition.z
      value: -5.1341553
      objectReference: {fileID: 0}
    - target: {fileID: 6278946537478920847, guid: bb1001792d09a524daa6522f2c9c7a22,
        type: 3}
      propertyPath: m_Follow
      value: 
      objectReference: {fileID: 5755209105709785418}
    - target: {fileID: 6278946537544352354, guid: bb1001792d09a524daa6522f2c9c7a22,
        type: 3}
      propertyPath: m_AnimatedTarget
      value: 
      objectReference: {fileID: 5660207918315561935}
    - target: {fileID: 6278946537544352354, guid: bb1001792d09a524daa6522f2c9c7a22,
        type: 3}
      propertyPath: m_ChildCameras.Array.size
      value: 3
      objectReference: {fileID: 0}
    - target: {fileID: 6278946537544352355, guid: bb1001792d09a524daa6522f2c9c7a22,
        type: 3}
      propertyPath: m_Name
      value: CM StateDrivenCamera1
      objectReference: {fileID: 0}
    - target: {fileID: 6278946537544352357, guid: bb1001792d09a524daa6522f2c9c7a22,
        type: 3}
      propertyPath: m_RootOrder
      value: 2
      objectReference: {fileID: 0}
    - target: {fileID: 6278946537544352357, guid: bb1001792d09a524daa6522f2c9c7a22,
        type: 3}
      propertyPath: m_LocalPosition.x
      value: 1198.7184
      objectReference: {fileID: 0}
    - target: {fileID: 6278946537544352357, guid: bb1001792d09a524daa6522f2c9c7a22,
        type: 3}
      propertyPath: m_LocalPosition.y
      value: -88.7003
      objectReference: {fileID: 0}
    - target: {fileID: 6278946537544352357, guid: bb1001792d09a524daa6522f2c9c7a22,
        type: 3}
      propertyPath: m_LocalPosition.z
      value: -1192.975
      objectReference: {fileID: 0}
    - target: {fileID: 6278946537544352357, guid: bb1001792d09a524daa6522f2c9c7a22,
        type: 3}
      propertyPath: m_LocalRotation.w
      value: 1
      objectReference: {fileID: 0}
    - target: {fileID: 6278946537544352357, guid: bb1001792d09a524daa6522f2c9c7a22,
        type: 3}
      propertyPath: m_LocalRotation.x
      value: -0
      objectReference: {fileID: 0}
    - target: {fileID: 6278946537544352357, guid: bb1001792d09a524daa6522f2c9c7a22,
        type: 3}
      propertyPath: m_LocalRotation.y
      value: -0
      objectReference: {fileID: 0}
    - target: {fileID: 6278946537544352357, guid: bb1001792d09a524daa6522f2c9c7a22,
        type: 3}
      propertyPath: m_LocalRotation.z
      value: -0
      objectReference: {fileID: 0}
    - target: {fileID: 6278946537544352357, guid: bb1001792d09a524daa6522f2c9c7a22,
        type: 3}
      propertyPath: m_LocalEulerAnglesHint.x
      value: 0
      objectReference: {fileID: 0}
    - target: {fileID: 6278946537544352357, guid: bb1001792d09a524daa6522f2c9c7a22,
        type: 3}
      propertyPath: m_LocalEulerAnglesHint.y
      value: 0
      objectReference: {fileID: 0}
    - target: {fileID: 6278946537544352357, guid: bb1001792d09a524daa6522f2c9c7a22,
        type: 3}
      propertyPath: m_LocalEulerAnglesHint.z
      value: 0
      objectReference: {fileID: 0}
    - target: {fileID: 6278946537677363115, guid: bb1001792d09a524daa6522f2c9c7a22,
        type: 3}
      propertyPath: m_Follow
      value: 
      objectReference: {fileID: 5755209105709785418}
    - target: {fileID: 6278946538328847987, guid: bb1001792d09a524daa6522f2c9c7a22,
        type: 3}
      propertyPath: m_Follow
      value: 
      objectReference: {fileID: 5755209105709785418}
    - target: {fileID: 6278946538328847987, guid: bb1001792d09a524daa6522f2c9c7a22,
        type: 3}
      propertyPath: m_LookAt
      value: 
      objectReference: {fileID: 5755209105709785418}
    m_RemovedComponents: []
  m_SourcePrefab: {fileID: 100100000, guid: bb1001792d09a524daa6522f2c9c7a22, type: 3}
--- !u!4 &5755209104106914379 stripped
Transform:
  m_CorrespondingSourceObject: {fileID: 6278946537544352357, guid: bb1001792d09a524daa6522f2c9c7a22,
    type: 3}
  m_PrefabInstance: {fileID: 1800824862573527086}
  m_PrefabAsset: {fileID: 0}
--- !u!1001 &4359168821136479495
PrefabInstance:
  m_ObjectHideFlags: 0
  serializedVersion: 2
  m_Modification:
    m_TransformParent: {fileID: 8585850752198240550}
    m_Modifications:
    - target: {fileID: 8331796483620894953, guid: 0324a0f16a96af646bdedd9eda9dba47,
        type: 3}
      propertyPath: m_Name
      value: MainCamera
      objectReference: {fileID: 0}
    - target: {fileID: 8331796483620894956, guid: 0324a0f16a96af646bdedd9eda9dba47,
        type: 3}
      propertyPath: m_RootOrder
      value: 1
      objectReference: {fileID: 0}
    - target: {fileID: 8331796483620894956, guid: 0324a0f16a96af646bdedd9eda9dba47,
        type: 3}
      propertyPath: m_LocalPosition.x
      value: 1184.6993
      objectReference: {fileID: 0}
    - target: {fileID: 8331796483620894956, guid: 0324a0f16a96af646bdedd9eda9dba47,
        type: 3}
      propertyPath: m_LocalPosition.y
      value: -77.53023
      objectReference: {fileID: 0}
    - target: {fileID: 8331796483620894956, guid: 0324a0f16a96af646bdedd9eda9dba47,
        type: 3}
      propertyPath: m_LocalPosition.z
      value: -1198.1091
      objectReference: {fileID: 0}
    - target: {fileID: 8331796483620894956, guid: 0324a0f16a96af646bdedd9eda9dba47,
        type: 3}
      propertyPath: m_LocalRotation.w
      value: 1
      objectReference: {fileID: 0}
    - target: {fileID: 8331796483620894956, guid: 0324a0f16a96af646bdedd9eda9dba47,
        type: 3}
      propertyPath: m_LocalRotation.x
      value: -0
      objectReference: {fileID: 0}
    - target: {fileID: 8331796483620894956, guid: 0324a0f16a96af646bdedd9eda9dba47,
        type: 3}
      propertyPath: m_LocalRotation.y
      value: -0
      objectReference: {fileID: 0}
    - target: {fileID: 8331796483620894956, guid: 0324a0f16a96af646bdedd9eda9dba47,
        type: 3}
      propertyPath: m_LocalRotation.z
      value: -0
      objectReference: {fileID: 0}
    - target: {fileID: 8331796483620894956, guid: 0324a0f16a96af646bdedd9eda9dba47,
        type: 3}
      propertyPath: m_LocalEulerAnglesHint.x
      value: 0
      objectReference: {fileID: 0}
    - target: {fileID: 8331796483620894956, guid: 0324a0f16a96af646bdedd9eda9dba47,
        type: 3}
      propertyPath: m_LocalEulerAnglesHint.y
      value: 0
      objectReference: {fileID: 0}
    - target: {fileID: 8331796483620894956, guid: 0324a0f16a96af646bdedd9eda9dba47,
        type: 3}
      propertyPath: m_LocalEulerAnglesHint.z
      value: 0
      objectReference: {fileID: 0}
    m_RemovedComponents: []
  m_SourcePrefab: {fileID: 100100000, guid: 0324a0f16a96af646bdedd9eda9dba47, type: 3}
--- !u!4 &5755209105826262507 stripped
Transform:
  m_CorrespondingSourceObject: {fileID: 8331796483620894956, guid: 0324a0f16a96af646bdedd9eda9dba47,
    type: 3}
  m_PrefabInstance: {fileID: 4359168821136479495}
  m_PrefabAsset: {fileID: 0}
--- !u!1001 &7414638366702169334
PrefabInstance:
  m_ObjectHideFlags: 0
  serializedVersion: 2
  m_Modification:
    m_TransformParent: {fileID: 8585850752198240550}
    m_Modifications:
    - target: {fileID: 2969759650632488985, guid: 7ce606cad4997d74c8ed15c7e82ddd3b,
        type: 3}
      propertyPath: m_RootOrder
      value: 0
      objectReference: {fileID: 0}
    - target: {fileID: 2969759650632488985, guid: 7ce606cad4997d74c8ed15c7e82ddd3b,
        type: 3}
      propertyPath: m_LocalPosition.x
      value: 1184.6993
      objectReference: {fileID: 0}
    - target: {fileID: 2969759650632488985, guid: 7ce606cad4997d74c8ed15c7e82ddd3b,
        type: 3}
      propertyPath: m_LocalPosition.y
      value: -78.730225
      objectReference: {fileID: 0}
    - target: {fileID: 2969759650632488985, guid: 7ce606cad4997d74c8ed15c7e82ddd3b,
        type: 3}
      propertyPath: m_LocalPosition.z
      value: -1194.1091
      objectReference: {fileID: 0}
    - target: {fileID: 2969759650632488985, guid: 7ce606cad4997d74c8ed15c7e82ddd3b,
        type: 3}
      propertyPath: m_LocalRotation.w
      value: 1
      objectReference: {fileID: 0}
    - target: {fileID: 2969759650632488985, guid: 7ce606cad4997d74c8ed15c7e82ddd3b,
        type: 3}
      propertyPath: m_LocalRotation.x
      value: -0
      objectReference: {fileID: 0}
    - target: {fileID: 2969759650632488985, guid: 7ce606cad4997d74c8ed15c7e82ddd3b,
        type: 3}
      propertyPath: m_LocalRotation.y
      value: -0
      objectReference: {fileID: 0}
    - target: {fileID: 2969759650632488985, guid: 7ce606cad4997d74c8ed15c7e82ddd3b,
        type: 3}
      propertyPath: m_LocalRotation.z
      value: -0
      objectReference: {fileID: 0}
    - target: {fileID: 2969759650632488985, guid: 7ce606cad4997d74c8ed15c7e82ddd3b,
        type: 3}
      propertyPath: m_LocalEulerAnglesHint.x
      value: 0
      objectReference: {fileID: 0}
    - target: {fileID: 2969759650632488985, guid: 7ce606cad4997d74c8ed15c7e82ddd3b,
        type: 3}
      propertyPath: m_LocalEulerAnglesHint.y
      value: 0
      objectReference: {fileID: 0}
    - target: {fileID: 2969759650632488985, guid: 7ce606cad4997d74c8ed15c7e82ddd3b,
        type: 3}
      propertyPath: m_LocalEulerAnglesHint.z
      value: 0
      objectReference: {fileID: 0}
    - target: {fileID: 2971016888568205235, guid: 7ce606cad4997d74c8ed15c7e82ddd3b,
        type: 3}
      propertyPath: m_Name
      value: Character_Explorer_Female_01
      objectReference: {fileID: 0}
    m_RemovedComponents: []
  m_SourcePrefab: {fileID: 100100000, guid: 7ce606cad4997d74c8ed15c7e82ddd3b, type: 3}
--- !u!4 &5751275831091475695 stripped
Transform:
  m_CorrespondingSourceObject: {fileID: 2969759650632488985, guid: 7ce606cad4997d74c8ed15c7e82ddd3b,
    type: 3}
  m_PrefabInstance: {fileID: 7414638366702169334}
  m_PrefabAsset: {fileID: 0}
--- !u!95 &5660207918315561935 stripped
Animator:
  m_CorrespondingSourceObject: {fileID: 2912438436257238841, guid: 7ce606cad4997d74c8ed15c7e82ddd3b,
    type: 3}
  m_PrefabInstance: {fileID: 7414638366702169334}
  m_PrefabAsset: {fileID: 0}
--- !u!4 &5755209105709785418 stripped
Transform:
  m_CorrespondingSourceObject: {fileID: 2970276232596229564, guid: 7ce606cad4997d74c8ed15c7e82ddd3b,
    type: 3}
  m_PrefabInstance: {fileID: 7414638366702169334}
  m_PrefabAsset: {fileID: 0}
